VANCOUVER Canucks vs NEW JERSEY Devils

Created - 3 mars 2024 at 14:48

Goals
1 2 3 T
VANCOUVER Canucks 0 0 2 2
NEW JERSEY Devils 0 3 1 4
Shots
1 2 3 T
VANCOUVER Canucks 11 12 9 32
NEW JERSEY Devils 11 10 9 30

1st period

No Goal

Penalties :
Gabriel Landeskog (NJD) for Fighting (Major) at 12:08, Jake McCabe (VAN) for Fighting (Major) at 12:08, J.T. Compher (NJD) for Interference (Minor) at 16:01, Nils Lundkvist (VAN) for Hooking (Minor) at 16:01

2nd period

1. NEW JERSEY Devils , Ryan Graves 13 (Andreas Athanasiou 16, Ryan Donato 9) at 8:33 (PP)
2. NEW JERSEY Devils , Kyle Okposo 11 (Jack Hughes 20, Jake Bean 14) at 9:40
3. NEW JERSEY Devils , Jake Bean 7 (Jack Hughes 21, Kyle Okposo 17) at 13:45

Penalties :
J.T. Compher (NJD) for Hooking (Minor) at 2:51, Juuso Parssinen (VAN) for Cross-checking (Minor) at 7:02, Kyle Okposo (NJD) for High sticking (Minor) at 15:30

3rd period

4. VANCOUVER Canucks , Matt Boldy 16 (Jakob Silfverberg 12, Christopher Tanev 27) at 5:26 (PP)
5. NEW JERSEY Devils , Jack Hughes 20 (James van Riemsdyk 14, Adam Boqvist 22) at 13:21
6. VANCOUVER Canucks , Mikhail Sergachev 10 (Shane Pinto 8, Jake McCabe 27) at 16:51

Penalties :
J.T. Compher (NJD) for Hooking (Minor) at 2:05, Mikhail Sergachev (VAN) for Tripping (Minor) at 2:05, Adam Boqvist (NJD) for Tripping (Minor) at 4:12, Philip Tomasino (VAN) for Tripping (Minor) at 8:06, Jake McCabe (VAN) for Delaying the game (Minor) at 10:10, Alexander Petrovic (NJD) for Hooking (Minor) at 18:21

Goalie Stats

Jake Oettinger (VAN), 26 saves from 30 shots - (0,867), L, 20-17-2, 60:00 minutes
Jake Allen (NJD), 30 saves from 32 shots - (0,938), W, 7-9-1, 60:00 minutes

Players Stats for VANCOUVER Canucks

Player Name              G  A  P  +/- PIM S  H  SB GA TA FO     MP     PP MP  PK MP  
------------------------------------------------------------------------------------
Bryan Little             0  0  0  -1  0   0  0  0  0  0  0/1     8:59   0:00   2:08 
Christopher Tanev        0  1  1   0  0   2  0  1  0  0  0/0    24:04   2:59   2:51 
Jake McCabe              0  1  1   0  7   3  0  2  0  0  0/0    21:19   3:51   1:51 
Jakob Silfverberg        0  1  1  -1  0   4  0  0  0  0  3/3    25:38   3:37   3:30 
Josh Norris              0  0  0  -1  0   0  0  0  0  0  16/32  20:14   3:37   0:03 
Juuso Parssinen          0  0  0   0  2   0  0  0  0  0  2/6     8:33   0:00   0:00 
Mark Kastelic            0  0  0  -1  0   1  0  0  0  0  2/6     5:24   0:00   0:00 
Mason Appleton           0  0  0   0  0   2  0  0  0  0  0/0    16:58   3:13   0:00 
Matt Boldy               1  0  1  -1  0   6  3  0  0  0  4/4    21:28   3:37   1:12 
Mikhail Sergachev        1  0  1   0  2   6  3  1  0  0  0/0    26:12   3:51   3:12 
Nils Lundkvist           0  0  0  -2  2   0  3  5  0  0  0/0    12:42   0:00   0:03 
Philip Tomasino          0  0  0   0  2   3  0  0  0  0  1/2    16:57   3:13   0:00 
Radim Simek              0  0  0   0  0   2  3  0  0  0  0/0    21:53   2:59   2:44 
Shane Pinto              0  1  1   0  0   2  0  0  0  0  12/23  16:58   3:13   0:00 
Stefan Noesen            0  0  0  -1  0   0  0  0  0  0  0/0     5:51   0:00   0:27 
Teddy Blueger            0  0  0   0  0   1  0  0  0  0  1/1     8:34   0:00   0:00 
Tyler Pitlick            0  0  0   0  0   0  2  0  0  0  10/15  14:57   0:00   3:38 
Victor Mete              0  0  0  -2  0   0  2  3  0  0  0/0    13:46   0:00   0:17 

Players Stats for NEW JERSEY Devils

Player Name              G  A  P  +/- PIM S  H  SB GA TA FO     MP     PP MP  PK MP  
------------------------------------------------------------------------------------
Adam Boqvist             0  1  1   2  2   0  1  2  0  0  0/0    21:03   2:45   3:10 
Alexander Petrovic       0  0  0   0  2   0  3  0  0  0  0/0    12:12   0:00   0:46 
Andreas Athanasiou       0  1  1  -1  0   2  1  1  0  0  0/0    16:56   2:48   1:22 
Bowen Byram              0  0  0   0  0   0  2  1  0  0  0/0    26:37   2:44   2:48 
Chris Wideman            0  0  0   0  0   0  0  0  0  0  0/0    11:33   0:00   0:06 
Connor Brown             0  0  0   0  0   0  0  0  0  0  0/0     4:42   0:00   0:00 
Gabriel Landeskog        0  0  0   0  5   1  1  0  0  0  5/6     4:41   0:00   0:00 
J.T. Compher             0  0  0  -1  6   1  2  0  0  0  13/23  17:16   2:48   1:45 
Jack Hughes              1  2  3   3  0   3  2  0  0  0  18/41  25:37   2:41   4:17 
Jake Bean                1  1  2   2  0   1  1  4  0  0  0/0    21:56   2:45   4:02 
James van Riemsdyk       0  1  1   3  0   5  3  0  0  0  0/1    21:46   2:41   1:26 
Joel Armia               0  0  0   0  0   3  0  1  0  0  0/2    11:57   0:00   1:52 
Kyle Okposo              1  1  2   3  2   3  5  1  0  0  0/0    24:17   2:41   2:58 
Miles Wood               0  0  0   0  0   1  0  0  0  0  0/0     4:42   0:00   0:00 
Oskar Lindblom           0  0  0   0  0   1  0  1  0  0  0/0    10:05   0:00   0:00 
Ryan Donato              0  1  1   0  0   3  1  0  0  0  6/19   14:22   2:48   0:00 
Ryan Graves              1  0  1   0  0   3  1  1  0  0  0/0    26:37   2:44   2:48 
Thomas Novak             0  0  0  -1  0   3  1  0  0  0  0/1    12:46   0:00   0:00 

3 Stars

1 - Jack Hughes (NJD)
2 - Kyle Okposo (NJD)
3 - Jake Bean (NJD)

Power Play

VANCOUVER Canucks - 1 on 4 Attempt(s) - 25,00%
NEW JERSEY Devils - 1 on 3 Attempt(s) - 33,33%

Penalty Kill

VANCOUVER Canucks - 2 on 3 Attempt(s) - 66,67% - Score 0 goal in Penalty Kill
NEW JERSEY Devils - 3 on 4 Attempt(s) - 75,00% - Score 0 goal in Penalty Kill

Team Stat

VANCOUVER Canucks - Hits : 16 - Faceoff Wins : 51 - Blocked Shots : 12 - Penalty Minutes : 15
NEW JERSEY Devils - Hits : 24 - Faceoff Wins : 42 - Blocked Shots : 12 - Penalty Minutes : 17

Official

Referees : Graham Skilliter and Chris Lee
Linesman : Kirsten Welsh and Erica Holmes

Game Notes

Jake McCabe beats up Gabriel Landeskog at 12:08 of 1st period

Finance

Level 1 -- Attendance: 4902 (70,03%) -- Ticket Income $490,200
Level 2 -- Attendance: 4689 (66,99%) -- Ticket Income $253,206
Level 3 -- Attendance: 2916 (58,32%) -- Ticket Income $61,236
Level 4 -- Attendance: 4112 (82,24%) -- Ticket Income $82,240
Luxury Box -- Attendance: 1007 (83,92%) -- Ticket Income $171,190
Game was played at the Prudential Center.
Total Attendance: 17626 (69,94%)
Total Ticket Income: $1,058,072
Other Income: $264,518
Total Income: $1,322,590

VANCOUVER Canucks

5 vs 5 Forward 
   Center                   Left Wing                Right Wing               Time % Phy DF OF 
 1 Josh Norris              Matt Boldy               Jakob Silfverberg        40     1   2  2  
 2 Shane Pinto              Philip Tomasino          Mason Appleton           30     1   2  2  
 3 Juuso Parssinen          Teddy Blueger            Tyler Pitlick            20     1   2  2  
 4 Mark Kastelic            Stefan Noesen            Bryan Little             10     1   2  2  

5 vs 5 Defense 
   Defense                  Defense                                           Time % Phy DF OF 
 1 Mikhail Sergachev        Jake McCabe                                       40     1   2  2  
 2 Christopher Tanev        Radim Simek                                       30     1   2  2  
 3 Nils Lundkvist           Victor Mete                                       20     1   2  2  
 4 Mikhail Sergachev        Christopher Tanev                                 10     1   2  2  

PowerPlay Forward 
   Center                   Left Wing                Right Wing               Time % Phy DF OF 
 1 Josh Norris              Matt Boldy               Jakob Silfverberg        60     1   2  2  
 2 Shane Pinto              Philip Tomasino          Mason Appleton           40     1   2  2  

PowerPlay Defense
   Defense                  Defense                                           Time % Phy DF OF 
 1 Mikhail Sergachev        Jake McCabe                                       60     1   2  2  
 2 Christopher Tanev        Radim Simek                                       40     1   2  2  

Penalty Kill 4 Players Forward 
   Center                   Wing                     Time % Phy DF OF 
 1 Tyler Pitlick            Jakob Silfverberg        60     1   2  2  
 2 Bryan Little             Matt Boldy               40     1   2  2  

Penalty Kill 4 Players Defense
   Defense                  Defense                  Time % Phy DF OF 
 1 Mikhail Sergachev        Jake McCabe              60     1   2  2  
 2 Christopher Tanev        Radim Simek              40     1   2  2  

Penalty Kill - 3 Players Forward 
   Forward                                           Time % Phy DF OF 
 1 Jakob Silfverberg                                 60     1   2  2  
 2 Bryan Little                                      40     1   2  2  

Penalty Kill - 3 Players Defense
   Defense                  Defense                  Time % Phy DF OF 
 1 Mikhail Sergachev        Nils Lundkvist           60     1   2  2  
 2 Christopher Tanev        Radim Simek              40     1   2  2  

4 vs 4 Forward 
   Center                   Wing                     Time % Phy DF OF 
 1 Tyler Pitlick            Jakob Silfverberg        60     1   2  2  
 2 Bryan Little             Matt Boldy               40     1   2  2  

4 vs 4 Defense
   Defense                  Defense                  Time % Phy DF OF 
 1 Jake McCabe              Mikhail Sergachev        60     1   2  2  
 2 Christopher Tanev        Radim Simek              40     1   2  2  

Last Minutes Offensive
   Center                   Left Wing                Right Wing               Defense                  Defense                  
   Matt Boldy               Jakob Silfverberg        Bryan Little             Mikhail Sergachev        Jake McCabe              

Last Minutes Defensive
   Center                   Left Wing                Right Wing               Defense                  Defense                  
   Matt Boldy               Jakob Silfverberg        Bryan Little             Mikhail Sergachev        Jake McCabe              

Goaltenders
Starting : Jake Oettinger           
Backup : Joonas Korpisalo         

Extra Forwards
Normal : Bryan Little, Tyler Pitlick, Jakob Silfverberg - PP : Bryan Little, Tyler Pitlick - PK : Bryan Little
Extra Defensemen
Normal : Christopher Tanev, Radim Simek, Victor Mete - PP : Christopher Tanev - PK : Christopher Tanev, Radim Simek
Penalty Shots
Tyler Pitlick, Jakob Silfverberg, Bryan Little, Teddy Blueger, Shane Pinto

Scratches
Martin Jones (Healthy)

NEW JERSEY Devils

5 vs 5 Forward 
   Center                   Left Wing                Right Wing               Time % Phy DF OF 
 1 Jack Hughes              James van Riemsdyk       Kyle Okposo              40     1   2  2  
 2 J.T. Compher             Thomas Novak             Andreas Athanasiou       30     1   2  2  
 3 Ryan Donato              Oskar Lindblom           Joel Armia               20     1   2  2  
 4 Gabriel Landeskog        Miles Wood               Connor Brown             10     1   2  2  

5 vs 5 Defense 
   Defense                  Defense                                           Time % Phy DF OF 
 1 Ryan Graves              Bowen Byram                                       40     1   2  2  
 2 Adam Boqvist             Jake Bean                                         30     1   2  2  
 3 Chris Wideman            Alexander Petrovic                                20     1   2  2  
 4 Ryan Graves              Bowen Byram                                       10     1   2  2  

PowerPlay Forward 
   Center                   Left Wing                Right Wing               Time % Phy DF OF 
 1 Jack Hughes              James van Riemsdyk       Kyle Okposo              60     1   2  2  
 2 J.T. Compher             Ryan Donato              Andreas Athanasiou       40     1   2  2  

PowerPlay Defense
   Defense                  Defense                                           Time % Phy DF OF 
 1 Ryan Graves              Bowen Byram                                       60     1   2  2  
 2 Adam Boqvist             Jake Bean                                         40     1   2  2  

Penalty Kill 4 Players Forward 
   Center                   Wing                     Time % Phy DF OF 
 1 Jack Hughes              Kyle Okposo              60     1   2  2  
 2 J.T. Compher             James van Riemsdyk       40     1   2  2  

Penalty Kill 4 Players Defense
   Defense                  Defense                  Time % Phy DF OF 
 1 Ryan Graves              Bowen Byram              60     1   2  2  
 2 Adam Boqvist             Jake Bean                40     1   2  2  

Penalty Kill - 3 Players Forward 
   Forward                                           Time % Phy DF OF 
 1 Jack Hughes                                       60     1   2  2  
 2 Kyle Okposo                                       40     1   2  2  

Penalty Kill - 3 Players Defense
   Defense                  Defense                  Time % Phy DF OF 
 1 Ryan Graves              Bowen Byram              60     1   2  2  
 2 Adam Boqvist             Jake Bean                40     1   2  2  

4 vs 4 Forward 
   Center                   Wing                     Time % Phy DF OF 
 1 Jack Hughes              Kyle Okposo              60     1   2  2  
 2 J.T. Compher             James van Riemsdyk       40     1   2  2  

4 vs 4 Defense
   Defense                  Defense                  Time % Phy DF OF 
 1 Ryan Graves              Bowen Byram              60     1   2  2  
 2 Adam Boqvist             Jake Bean                40     1   2  2  

Last Minutes Offensive
   Center                   Left Wing                Right Wing               Defense                  Defense                  
   Jack Hughes              James van Riemsdyk       Kyle Okposo              Ryan Graves              Bowen Byram              

Last Minutes Defensive
   Center                   Left Wing                Right Wing               Defense                  Defense                  
   Jack Hughes              James van Riemsdyk       Kyle Okposo              Ryan Graves              Bowen Byram              

Goaltenders
Starting : Jake Allen               
Backup : Antti Raanta             

Extra Forwards
Normal : Ryan Donato, Oskar Lindblom, Joel Armia - PP : Ryan Donato, Oskar Lindblom - PK : Joel Armia
Extra Defensemen
Normal : Chris Wideman, Alexander Petrovic, Adam Boqvist - PP : Chris Wideman - PK : Alexander Petrovic, Adam Boqvist
Penalty Shots
Jack Hughes, Kyle Okposo, J.T. Compher, James van Riemsdyk, Oskar Lindblom

Scratches
Dustin Tokarski (Healthy), Alex Stalock (Healthy)

% Time on Ice - VANCOUVER Canucks

Lines # - Real PCT - Wanted PCT - Time Play
Normal Forward
1 - 37% - 40% - 16:00
2 - 31% - 30% - 13:45
3 - 20% - 20% - 8:34
4 - 12% - 10% - 5:24
Normal Defense
1 - 39% - 40% - 16:55
2 - 30% - 30% - 12:55
3 - 29% - 20% - 12:40
4 - 3% - 10% - 1:13
PP Forward
1 - 53% - 60% - 3:37
2 - 47% - 40% - 3:13
PP Defense
1 - 56% - 60% - 3:51
2 - 44% - 40% - 2:59
PK Forward
1 - 78% - 60% - 4:17
2 - 22% - 40% - 1:12
PK Defense
1 - 70% - 60% - 3:50
2 - 30% - 40% - 1:39
PK3 Forward
1 - 0% - 60%
2 - 0% - 40%
PK3 Defense
1 - 0% - 60%
2 - 0% - 40%
44 Forward
1 - 84% - 60% - 3:19
2 - 16% - 40% - 0:39
44 Defense
1 - 41% - 60% - 1:37
2 - 59% - 40% - 2:21
Last Minute Offensive  - 0:00
Last Minute Defensive  - 0:00
Total
Forward - 60:00
Defense - 60:00

% Time on Ice - NEW JERSEY Devils

Lines # - Real PCT - Wanted PCT - Time Play
Normal Forward
1 - 37% - 40% - 16:10
2 - 29% - 30% - 12:46
3 - 23% - 20% - 10:05
4 - 11% - 10% - 4:42
Normal Defense
1 - 40% - 40% - 17:30
2 - 31% - 30% - 13:45
3 - 26% - 20% - 11:27
4 - 2% - 10% - 1:01
PP Forward
1 - 49% - 60% - 2:41
2 - 51% - 40% - 2:48
PP Defense
1 - 50% - 60% - 2:44
2 - 50% - 40% - 2:45
PK Forward
1 - 79% - 60% - 5:24
2 - 21% - 40% - 1:26
PK Defense
1 - 41% - 60% - 2:48
2 - 59% - 40% - 4:02
PK3 Forward
1 - 0% - 60%
2 - 0% - 40%
PK3 Defense
1 - 0% - 60%
2 - 0% - 40%
44 Forward
1 - 63% - 60% - 2:29
2 - 37% - 40% - 1:29
44 Defense
1 - 65% - 60% - 2:34
2 - 35% - 40% - 1:24
Last Minute Offensive  - 0:00
Last Minute Defensive  - 0:00
Total
Forward - 60:00
Defense - 60:00

Play-by-Play

1st period


0:01 of 1st period - Jack Hughes wins face-off versus Josh Norris in neutral zone.
0:18 of 1st period - Shot by Kyle Okposo.
0:18 of 1st period - Shot Blocked by Mikhail Sergachev.
0:28 of 1st period - Shot by Jack Hughes.
0:28 of 1st period - Stopped by Jake Oettinger without a rebound.
0:29 of 1st period - Philip Tomasino wins face-off versus J.T. Compher in VANCOUVER Canucks zone.
0:37 of 1st period - Icing by J.T. Compher.
0:38 of 1st period - J.T. Compher wins face-off versus Juuso Parssinen in NEW JERSEY Devils zone.
0:53 of 1st period - Shot by Andreas Athanasiou.
0:53 of 1st period - Shot Blocked by Nils Lundkvist.
0:55 of 1st period - Shot by J.T. Compher.
0:55 of 1st period - Shot Misses the Net.
0:57 of 1st period - Shot by Adam Boqvist.
0:57 of 1st period - Shot Blocked by Victor Mete.
1:49 of 1st period - Shot by Ryan Donato.
1:49 of 1st period - Stopped by Jake Oettinger with a rebound.
1:52 of 1st period - Joel Armia is hit by Victor Mete and loses puck.
2:33 of 1st period - Shot by James van Riemsdyk.
2:33 of 1st period - Shot Misses the Net.
2:58 of 1st period - Philip Tomasino is hit by Bowen Byram and loses puck.
3:01 of 1st period - Shot by Philip Tomasino.
3:01 of 1st period - Stopped by Jake Allen without a rebound.
3:02 of 1st period - Gabriel Landeskog wins face-off versus Josh Norris in NEW JERSEY Devils zone.
3:14 of 1st period - Shot by Gabriel Landeskog.
3:14 of 1st period - Stopped by Jake Oettinger without a rebound.
3:15 of 1st period - J.T. Compher wins face-off versus Shane Pinto in VANCOUVER Canucks zone.
3:26 of 1st period - Shot by Andreas Athanasiou.
3:26 of 1st period - Stopped by Jake Oettinger without a rebound.
3:27 of 1st period - Gabriel Landeskog wins face-off versus Josh Norris in VANCOUVER Canucks zone.
3:50 of 1st period - Shot by Matt Boldy.
3:50 of 1st period - Shot Blocked by Adam Boqvist.
3:52 of 1st period - Shot by Jake McCabe.
3:52 of 1st period - Stopped by Jake Allen without a rebound.
3:53 of 1st period - Jack Hughes wins face-off versus Shane Pinto in NEW JERSEY Devils zone.
4:26 of 1st period - Shot by James van Riemsdyk.
4:26 of 1st period - Stopped by Jake Oettinger without a rebound.
4:27 of 1st period - J.T. Compher wins face-off versus Josh Norris in VANCOUVER Canucks zone.
4:32 of 1st period - Shot by Thomas Novak.
4:32 of 1st period - Stopped by Jake Oettinger without a rebound.
4:33 of 1st period - Josh Norris wins face-off versus Ryan Donato in VANCOUVER Canucks zone.
5:50 of 1st period - Shot by Thomas Novak.
5:50 of 1st period - Shot Misses the Net.
6:54 of 1st period - Shot by Kyle Okposo.
6:54 of 1st period - Shot Blocked by Christopher Tanev.
7:52 of 1st period - Shot by Philip Tomasino.
7:52 of 1st period - Shot Misses the Net.
7:54 of 1st period - Shot by Jake McCabe.
7:54 of 1st period - Stopped by Jake Allen with a rebound.
7:58 of 1st period - Shot by Jake McCabe.
7:58 of 1st period - Shot Misses the Net.
8:07 of 1st period - Icing by Alexander Petrovic.
8:08 of 1st period - Josh Norris wins face-off versus Gabriel Landeskog in NEW JERSEY Devils zone.
8:24 of 1st period - Icing by Nils Lundkvist.
8:25 of 1st period - Josh Norris wins face-off versus Jack Hughes in VANCOUVER Canucks zone.
8:25 of 1st period - Josh Norris is hit by James van Riemsdyk.
8:28 of 1st period - Icing by Jakob Silfverberg.
8:29 of 1st period - Jakob Silfverberg wins face-off versus Jack Hughes in VANCOUVER Canucks zone.
8:34 of 1st period - Shot by Jakob Silfverberg.
8:34 of 1st period - Stopped by Jake Allen without a rebound.
8:35 of 1st period - Josh Norris wins face-off versus Jack Hughes in NEW JERSEY Devils zone.
8:35 of 1st period - Josh Norris is hit by Ryan Graves.
8:39 of 1st period - Shot by Matt Boldy.
8:39 of 1st period - Shot Misses the Net.
10:41 of 1st period - J.T. Compher is hit by Radim Simek and loses puck.
11:14 of 1st period - Shot by Ryan Donato.
11:14 of 1st period - Shot Misses the Net.
11:16 of 1st period - Shot by Joel Armia.
11:16 of 1st period - Shot Misses the Net.
12:08 of 1st period - Shot by Jakob Silfverberg.
12:08 of 1st period - Deflect By Matt Boldy.
12:08 of 1st period - Stopped by Jake Allen without a rebound.
12:08 of 1st period - Jake McCabe beats up Gabriel Landeskog.
12:08 of 1st period - Penalty to Gabriel Landeskog for Fighting.
12:08 of 1st period - Penalty to Jake McCabe for Fighting.
12:09 of 1st period - J.T. Compher wins face-off versus Mark Kastelic in NEW JERSEY Devils zone.
12:28 of 1st period - Shot by J.T. Compher.
12:28 of 1st period - Deflect By Andreas Athanasiou.
12:28 of 1st period - Shot Blocked by Nils Lundkvist.
12:30 of 1st period - Shot by J.T. Compher.
12:30 of 1st period - Shot Blocked by Victor Mete.
12:32 of 1st period - Shot by Ryan Graves.
12:32 of 1st period - Shot Blocked by Nils Lundkvist.
12:41 of 1st period - J.T. Compher is hit by Nils Lundkvist and loses puck.
12:47 of 1st period - Icing by Victor Mete.
12:48 of 1st period - Jack Hughes wins face-off versus Mark Kastelic in VANCOUVER Canucks zone.
12:51 of 1st period - Shot by James van Riemsdyk.
12:51 of 1st period - Shot Misses the Net.
12:53 of 1st period - Shot by James van Riemsdyk.
12:53 of 1st period - Shot Misses the Net.
12:59 of 1st period - Shot by James van Riemsdyk.
12:59 of 1st period - Stopped by Jake Oettinger without a rebound.
13:00 of 1st period - Ryan Donato wins face-off versus Josh Norris in VANCOUVER Canucks zone.
13:11 of 1st period - Shot by Oskar Lindblom.
13:11 of 1st period - Shot Misses the Net.
13:15 of 1st period - Shot by Ryan Donato.
13:15 of 1st period - Shot Misses the Net.
13:17 of 1st period - Shot by Joel Armia.
13:17 of 1st period - Shot Misses the Net.
13:19 of 1st period - Shot by Joel Armia.
13:19 of 1st period - Stopped by Jake Oettinger without a rebound.
13:20 of 1st period - Jack Hughes wins face-off versus Shane Pinto in VANCOUVER Canucks zone.
13:20 of 1st period - Adam Boqvist is hit by Mikhail Sergachev and loses puck.
13:31 of 1st period - Shot by Kyle Okposo.
13:31 of 1st period - Deflect By Jack Hughes.
13:31 of 1st period - Stopped by Jake Oettinger without a rebound.
13:32 of 1st period - J.T. Compher wins face-off versus Josh Norris in VANCOUVER Canucks zone.
13:35 of 1st period - Shot by J.T. Compher.
13:35 of 1st period - Shot Misses the Net.
13:49 of 1st period - Ryan Graves is hit by Matt Boldy and loses puck.
14:36 of 1st period - Shot by Shane Pinto.
14:36 of 1st period - Stopped by Jake Allen with a rebound.
14:46 of 1st period - Shot by Mason Appleton.
14:46 of 1st period - Shot Misses the Net.
14:50 of 1st period - Shot by Shane Pinto.
14:50 of 1st period - Stopped by Jake Allen without a rebound.
14:51 of 1st period - Ryan Donato wins face-off versus Juuso Parssinen in NEW JERSEY Devils zone.
15:12 of 1st period - Shot by Oskar Lindblom.
15:12 of 1st period - Shot Misses the Net.
16:00 of 1st period - Shot by James van Riemsdyk.
16:00 of 1st period - Stopped by Jake Oettinger without a rebound.
16:01 of 1st period - Shane Pinto wins face-off versus J.T. Compher in VANCOUVER Canucks zone.
16:01 of 1st period - Minor Penalty to J.T. Compher for Interference.
16:01 of 1st period - Minor Penalty to Nils Lundkvist for Hooking.
16:02 of 1st period - Jack Hughes wins face-off versus Tyler Pitlick in VANCOUVER Canucks zone.
16:20 of 1st period - Icing by Ryan Graves.
16:21 of 1st period - Tyler Pitlick wins face-off versus Jack Hughes in NEW JERSEY Devils zone.
16:24 of 1st period - Shot by Christopher Tanev.
16:24 of 1st period - Stopped by Jake Allen without a rebound.
16:25 of 1st period - Jack Hughes wins face-off versus Tyler Pitlick in NEW JERSEY Devils zone.
16:47 of 1st period - Jack Hughes is hit by Mikhail Sergachev.
17:12 of 1st period - Icing by Mikhail Sergachev.
17:13 of 1st period - Tyler Pitlick wins face-off versus Ryan Donato in VANCOUVER Canucks zone.
17:34 of 1st period - Shot by Matt Boldy.
17:34 of 1st period - Shot Blocked by Adam Boqvist.
17:36 of 1st period - Shot by Radim Simek.
17:36 of 1st period - Stopped by Jake Allen without a rebound.
17:37 of 1st period - Jack Hughes wins face-off versus Bryan Little in NEW JERSEY Devils zone.
18:11 of 1st period - Andreas Athanasiou is hit by Victor Mete and loses puck.
18:15 of 1st period - Icing by Nils Lundkvist.
18:16 of 1st period - Ryan Donato wins face-off versus Shane Pinto in VANCOUVER Canucks zone.
18:29 of 1st period - Shot by Joel Armia.
18:29 of 1st period - Stopped by Jake Oettinger without a rebound.
18:30 of 1st period - Jakob Silfverberg wins face-off versus J.T. Compher in VANCOUVER Canucks zone.
18:47 of 1st period - Shot by Jakob Silfverberg.
18:47 of 1st period - Deflect By Matt Boldy.
18:47 of 1st period - Stopped by Jake Allen without a rebound.
18:48 of 1st period - Jack Hughes wins face-off versus Shane Pinto in NEW JERSEY Devils zone.
18:54 of 1st period - Off-side.
18:55 of 1st period - Josh Norris wins face-off versus Jack Hughes in neutral zone.
19:22 of 1st period - Shot by Jakob Silfverberg.
19:22 of 1st period - Shot Misses the Net.
19:28 of 1st period - Shot by Radim Simek.
19:28 of 1st period - Shot Misses the Net.
19:38 of 1st period - Shot by Jakob Silfverberg.
19:38 of 1st period - Stopped by Jake Allen without a rebound.
19:39 of 1st period - J.T. Compher wins face-off versus Shane Pinto in NEW JERSEY Devils zone.
Goals for this period are 0 for VANCOUVER Canucks vs 0 for NEW JERSEY Devils.
Shots for this period are 11 for VANCOUVER Canucks vs 11 for NEW JERSEY Devils.

2nd period


0:01 of 2nd period - Jack Hughes wins face-off versus Josh Norris in neutral zone.
0:39 of 2nd period - Shot by Matt Boldy.
0:39 of 2nd period - Shot Misses the Net.
0:55 of 2nd period - Philip Tomasino is hit by James van Riemsdyk and loses puck.
1:14 of 2nd period - Icing by J.T. Compher.
1:15 of 2nd period - Juuso Parssinen wins face-off versus J.T. Compher in NEW JERSEY Devils zone.
1:36 of 2nd period - Shot by Teddy Blueger.
1:36 of 2nd period - Shot Misses the Net.
1:38 of 2nd period - Shot by Mikhail Sergachev.
1:38 of 2nd period - Stopped by Jake Allen without a rebound.
1:39 of 2nd period - Shane Pinto wins face-off versus Ryan Donato in NEW JERSEY Devils zone.
2:51 of 2nd period - Minor Penalty to J.T. Compher for Hooking.
2:52 of 2nd period - Matt Boldy wins face-off versus Jack Hughes in NEW JERSEY Devils zone.
2:55 of 2nd period - Shot by Jakob Silfverberg.
2:55 of 2nd period - Stopped by Jake Allen without a rebound.
2:56 of 2nd period - Jack Hughes wins face-off versus Josh Norris in NEW JERSEY Devils zone.
3:02 of 2nd period - Icing by Jake McCabe.
3:03 of 2nd period - Josh Norris wins face-off versus Jack Hughes in VANCOUVER Canucks zone.
3:03 of 2nd period - Josh Norris is hit by Kyle Okposo.
3:41 of 2nd period - Shot by Mikhail Sergachev.
3:41 of 2nd period - Stopped by Jake Allen without a rebound.
3:42 of 2nd period - Shane Pinto wins face-off versus Jack Hughes in NEW JERSEY Devils zone.
4:06 of 2nd period - Christopher Tanev is hit by Adam Boqvist and loses puck.
4:27 of 2nd period - Shot by Mikhail Sergachev.
4:27 of 2nd period - Stopped by Jake Allen without a rebound.
4:28 of 2nd period - Josh Norris wins face-off versus Jack Hughes in NEW JERSEY Devils zone.
4:28 of 2nd period - Matt Boldy is hit by Bowen Byram and loses puck.
5:01 of 2nd period - Shot by Thomas Novak.
5:01 of 2nd period - Stopped by Jake Oettinger without a rebound.
5:02 of 2nd period - Mark Kastelic wins face-off versus Ryan Donato in VANCOUVER Canucks zone.
5:23 of 2nd period - Shot by Stefan Noesen.
5:23 of 2nd period - Deflect By Mark Kastelic.
5:23 of 2nd period - Stopped by Jake Allen without a rebound.
5:24 of 2nd period - J.T. Compher wins face-off versus Shane Pinto in NEW JERSEY Devils zone.
6:57 of 2nd period - Shot by Matt Boldy.
6:57 of 2nd period - Stopped by Jake Allen without a rebound.
6:58 of 2nd period - Ryan Donato wins face-off versus Juuso Parssinen in NEW JERSEY Devils zone.
7:02 of 2nd period - Minor Penalty to Juuso Parssinen for Cross-checking.
7:03 of 2nd period - Tyler Pitlick wins face-off versus Jack Hughes in VANCOUVER Canucks zone.
7:12 of 2nd period - Shot by Jack Hughes.
7:12 of 2nd period - Shot Misses the Net.
7:22 of 2nd period - Shot by Adam Boqvist.
7:22 of 2nd period - Shot Misses the Net.
7:55 of 2nd period - Off-side.
7:56 of 2nd period - Tyler Pitlick wins face-off versus J.T. Compher in neutral zone.
8:23 of 2nd period - Shot by Andreas Athanasiou.
8:23 of 2nd period - Shot Misses the Net.
8:25 of 2nd period - Shot by Ryan Graves.
8:25 of 2nd period - Shot Hit the Post.
8:27 of 2nd period - Shot by Ryan Donato.
8:27 of 2nd period - Deflect By J.T. Compher.
8:27 of 2nd period - Shot Misses the Net.
8:29 of 2nd period - Shot by J.T. Compher.
8:29 of 2nd period - Stopped by Jake Oettinger with a rebound.
8:31 of 2nd period - Shot by Ryan Donato.
8:31 of 2nd period - Deflect By Andreas Athanasiou.
8:31 of 2nd period - Shot Blocked by Jake McCabe.
8:33 of 2nd period - Shot by Ryan Graves.
8:33 of 2nd period - Goal by Ryan Graves - VANCOUVER Canucks : 0 - NEW JERSEY Devils : 1.
8:34 of 2nd period - Gabriel Landeskog wins face-off versus Shane Pinto in neutral zone.
8:53 of 2nd period - Shot by Gabriel Landeskog.
8:53 of 2nd period - Shot Misses the Net.
8:55 of 2nd period - Shot by Miles Wood.
8:55 of 2nd period - Stopped by Jake Oettinger with a rebound.
8:57 of 2nd period - Shot by Miles Wood.
8:57 of 2nd period - Shot Misses the Net.
8:59 of 2nd period - Shot by Miles Wood.
8:59 of 2nd period - Shot Misses the Net.
9:01 of 2nd period - Shot by Connor Brown.
9:01 of 2nd period - Shot Misses the Net.
9:07 of 2nd period - Shot by Miles Wood.
9:07 of 2nd period - Shot Misses the Net.
9:22 of 2nd period - Icing by Victor Mete.
9:23 of 2nd period - Jack Hughes wins face-off versus Shane Pinto in VANCOUVER Canucks zone.
9:24 of 2nd period - Shot by Kyle Okposo.
9:24 of 2nd period - Stopped by Jake Oettinger with a rebound.
9:26 of 2nd period - Shot by James van Riemsdyk.
9:26 of 2nd period - Stopped by Jake Oettinger with a rebound.
9:28 of 2nd period - Shot by Kyle Okposo.
9:28 of 2nd period - Shot Misses the Net.
9:36 of 2nd period - Shot by Jack Hughes.
9:36 of 2nd period - Shot Blocked by Nils Lundkvist.
9:38 of 2nd period - Shot by Kyle Okposo.
9:38 of 2nd period - Shot Misses the Net.
9:40 of 2nd period - Shot by Kyle Okposo.
9:40 of 2nd period - Goal by Kyle Okposo - VANCOUVER Canucks : 0 - NEW JERSEY Devils : 2.
9:41 of 2nd period - J.T. Compher wins face-off versus Josh Norris in neutral zone.
10:22 of 2nd period - Jakob Silfverberg is hit by Andreas Athanasiou.
10:36 of 2nd period - Shot by Jake Bean.
10:36 of 2nd period - Shot Misses the Net.
12:04 of 2nd period - Icing by Alexander Petrovic.
12:05 of 2nd period - Shane Pinto wins face-off versus Ryan Donato in NEW JERSEY Devils zone.
12:08 of 2nd period - Shot by Philip Tomasino.
12:08 of 2nd period - Shot Blocked by Joel Armia.
12:24 of 2nd period - Shot by Philip Tomasino.
12:24 of 2nd period - Stopped by Jake Allen without a rebound.
12:25 of 2nd period - J.T. Compher wins face-off versus Mark Kastelic in NEW JERSEY Devils zone.
13:06 of 2nd period - Shot by Thomas Novak.
13:06 of 2nd period - Stopped by Jake Oettinger without a rebound.
13:07 of 2nd period - Ryan Donato wins face-off versus Josh Norris in VANCOUVER Canucks zone.
13:07 of 2nd period - Oskar Lindblom is hit by Nils Lundkvist and loses puck.
13:11 of 2nd period - Icing by Nils Lundkvist.
13:12 of 2nd period - Josh Norris wins face-off versus Jack Hughes in VANCOUVER Canucks zone.
13:27 of 2nd period - Shot by James van Riemsdyk.
13:27 of 2nd period - Shot Blocked by Nils Lundkvist.
13:43 of 2nd period - Shot by Jack Hughes.
13:43 of 2nd period - Shot Blocked by Victor Mete.
13:45 of 2nd period - Shot by Jake Bean.
13:45 of 2nd period - Goal by Jake Bean - VANCOUVER Canucks : 0 - NEW JERSEY Devils : 3.
13:46 of 2nd period - Shane Pinto wins face-off versus Ryan Donato in neutral zone.
13:48 of 2nd period - Off-side.
13:49 of 2nd period - Shane Pinto wins face-off versus Ryan Donato in neutral zone.
14:41 of 2nd period - Bowen Byram is hit by Radim Simek and loses puck.
15:04 of 2nd period - Shot by Matt Boldy.
15:04 of 2nd period - Shot Blocked by Oskar Lindblom.
15:10 of 2nd period - Shot by Matt Boldy.
15:10 of 2nd period - Stopped by Jake Allen without a rebound.
15:11 of 2nd period - Jack Hughes wins face-off versus Juuso Parssinen in NEW JERSEY Devils zone.
15:28 of 2nd period - Juuso Parssinen is hit by Kyle Okposo and loses puck.
15:30 of 2nd period - Minor Penalty to Kyle Okposo for High sticking.
15:31 of 2nd period - Josh Norris wins face-off versus Jack Hughes in NEW JERSEY Devils zone.
15:32 of 2nd period - Shot by Mikhail Sergachev.
15:32 of 2nd period - Stopped by Jake Allen without a rebound.
15:33 of 2nd period - Josh Norris wins face-off versus Joel Armia in NEW JERSEY Devils zone.
16:40 of 2nd period - Shot by Shane Pinto.
16:40 of 2nd period - Deflect By Philip Tomasino.
16:40 of 2nd period - Shot Misses the Net.
16:50 of 2nd period - Shot by Radim Simek.
16:50 of 2nd period - Shot Misses the Net.
16:52 of 2nd period - Shot by Philip Tomasino.
16:52 of 2nd period - Stopped by Jake Allen without a rebound.
16:53 of 2nd period - Jack Hughes wins face-off versus Shane Pinto in NEW JERSEY Devils zone.
17:15 of 2nd period - Shot by Radim Simek.
17:15 of 2nd period - Shot Blocked by Jake Bean.
17:17 of 2nd period - Shot by Christopher Tanev.
17:17 of 2nd period - Shot Misses the Net.
17:37 of 2nd period - Shot by Miles Wood.
17:37 of 2nd period - Deflect By Gabriel Landeskog.
17:37 of 2nd period - Shot Misses the Net.
17:42 of 2nd period - Nils Lundkvist is hit by Gabriel Landeskog and loses puck.
17:48 of 2nd period - Nils Lundkvist is hit by Alexander Petrovic and loses puck.
17:54 of 2nd period - Tyler Pitlick is hit by Alexander Petrovic and loses puck.
17:57 of 2nd period - Shot by Tyler Pitlick.
17:57 of 2nd period - Shot Misses the Net.
17:59 of 2nd period - Shot by Teddy Blueger.
17:59 of 2nd period - Stopped by Jake Allen with a rebound.
18:18 of 2nd period - Icing by Alexander Petrovic.
18:19 of 2nd period - Gabriel Landeskog wins face-off versus Josh Norris in NEW JERSEY Devils zone.
18:19 of 2nd period - Gabriel Landeskog is hit by Matt Boldy.
18:35 of 2nd period - Shot by Ryan Graves.
18:35 of 2nd period - Shot Misses the Net.
18:37 of 2nd period - Shot by Ryan Donato.
18:37 of 2nd period - Shot Misses the Net.
18:39 of 2nd period - Shot by Ryan Donato.
18:39 of 2nd period - Stopped by Jake Oettinger without a rebound.
18:40 of 2nd period - Mark Kastelic wins face-off versus Jack Hughes in VANCOUVER Canucks zone.
18:40 of 2nd period - Mark Kastelic is hit by Jack Hughes.
18:50 of 2nd period - Shot by Stefan Noesen.
18:50 of 2nd period - Shot Blocked by Jake Bean.
19:50 of 2nd period - Shot by Jakob Silfverberg.
19:50 of 2nd period - Shot Blocked by Andreas Athanasiou.
19:52 of 2nd period - Shot by Matt Boldy.
19:52 of 2nd period - Deflect By Josh Norris.
19:52 of 2nd period - Shot Misses the Net.
19:54 of 2nd period - Shot by Jake McCabe.
19:54 of 2nd period - Stopped by Jake Allen with a rebound.
Goals for this period are 0 for VANCOUVER Canucks vs 3 for NEW JERSEY Devils.
Shots for this period are 12 for VANCOUVER Canucks vs 10 for NEW JERSEY Devils.

3rd period


0:01 of 3rd period - Matt Boldy wins face-off versus Jack Hughes in neutral zone.
0:36 of 3rd period - Shot by Ryan Graves.
0:36 of 3rd period - Stopped by Jake Oettinger without a rebound.
0:37 of 3rd period - Shane Pinto wins face-off versus Thomas Novak in VANCOUVER Canucks zone.
0:47 of 3rd period - Icing by Christopher Tanev.
0:48 of 3rd period - Shane Pinto wins face-off versus Ryan Donato in VANCOUVER Canucks zone.
1:03 of 3rd period - Shot by Oskar Lindblom.
1:03 of 3rd period - Stopped by Jake Oettinger without a rebound.
1:04 of 3rd period - Josh Norris wins face-off versus Jack Hughes in VANCOUVER Canucks zone.
1:24 of 3rd period - Kyle Okposo is hit by Matt Boldy and loses puck.
1:42 of 3rd period - Mikhail Sergachev is hit by Kyle Okposo and loses puck.
2:05 of 3rd period - Shot by Andreas Athanasiou.
2:05 of 3rd period - Stopped by Jake Oettinger without a rebound.
2:05 of 3rd period - Minor Penalty to J.T. Compher for Hooking.
2:05 of 3rd period - Minor Penalty to Mikhail Sergachev for Tripping.
2:06 of 3rd period - Tyler Pitlick wins face-off versus Jack Hughes in VANCOUVER Canucks zone.
2:19 of 3rd period - Radim Simek is hit by Kyle Okposo.
3:02 of 3rd period - Icing by Jake McCabe.
3:03 of 3rd period - Josh Norris wins face-off versus Ryan Donato in VANCOUVER Canucks zone.
3:03 of 3rd period - Josh Norris is hit by James van Riemsdyk.
3:11 of 3rd period - Icing by Jake McCabe.
3:12 of 3rd period - Ryan Donato wins face-off versus Josh Norris in VANCOUVER Canucks zone.
3:27 of 3rd period - Shot by James van Riemsdyk.
3:27 of 3rd period - Stopped by Jake Oettinger without a rebound.
3:28 of 3rd period - Tyler Pitlick wins face-off versus Ryan Donato in VANCOUVER Canucks zone.
3:35 of 3rd period - Shot by Radim Simek.
3:35 of 3rd period - Shot Blocked by Ryan Graves.
4:12 of 3rd period - Minor Penalty to Adam Boqvist for Tripping.
4:13 of 3rd period - Shane Pinto wins face-off versus Jack Hughes in NEW JERSEY Devils zone.
4:18 of 3rd period - Shot by Mason Appleton.
4:18 of 3rd period - Shot Blocked by Jake Bean.
4:47 of 3rd period - Shot by Jake McCabe.
4:47 of 3rd period - Shot Misses the Net.
4:51 of 3rd period - Shot by Mason Appleton.
4:51 of 3rd period - Stopped by Jake Allen with a rebound.
4:53 of 3rd period - Shot by Shane Pinto.
4:53 of 3rd period - Shot Misses the Net.
4:55 of 3rd period - Shot by Shane Pinto.
4:55 of 3rd period - Shot Blocked by Bowen Byram.
5:18 of 3rd period - Icing by Matt Boldy.
5:19 of 3rd period - Matt Boldy wins face-off versus J.T. Compher in VANCOUVER Canucks zone.
5:26 of 3rd period - Shot by Jakob Silfverberg.
5:26 of 3rd period - Deflect By Matt Boldy.
5:26 of 3rd period - Goal by Matt Boldy - VANCOUVER Canucks : 1 - NEW JERSEY Devils : 3.
5:27 of 3rd period - Teddy Blueger wins face-off versus Ryan Donato in neutral zone.
5:34 of 3rd period - Ryan Donato is hit by Tyler Pitlick and loses puck.
6:45 of 3rd period - Mikhail Sergachev is hit by Jake Bean.
6:57 of 3rd period - Shot by Shane Pinto.
6:57 of 3rd period - Shot Blocked by Kyle Okposo.
7:09 of 3rd period - Shot by Jack Hughes.
7:09 of 3rd period - Shot Misses the Net.
7:17 of 3rd period - Shot by Jack Hughes.
7:17 of 3rd period - Shot Misses the Net.
7:20 of 3rd period - Icing by Matt Boldy.
7:21 of 3rd period - Josh Norris wins face-off versus J.T. Compher in VANCOUVER Canucks zone.
7:21 of 3rd period - Josh Norris is hit by J.T. Compher.
7:24 of 3rd period - Icing by Christopher Tanev.
7:25 of 3rd period - J.T. Compher wins face-off versus Josh Norris in VANCOUVER Canucks zone.
7:25 of 3rd period - J.T. Compher is hit by Radim Simek.
7:33 of 3rd period - Jakob Silfverberg is hit by Thomas Novak and loses puck.
7:46 of 3rd period - Icing by Josh Norris.
7:47 of 3rd period - Jakob Silfverberg wins face-off versus Jack Hughes in VANCOUVER Canucks zone.
7:47 of 3rd period - Jakob Silfverberg is hit by Kyle Okposo.
7:55 of 3rd period - Shot by Radim Simek.
7:55 of 3rd period - Stopped by Jake Allen without a rebound.
7:56 of 3rd period - Shane Pinto wins face-off versus Jack Hughes in NEW JERSEY Devils zone.
8:06 of 3rd period - Minor Penalty to Philip Tomasino for Tripping.
8:07 of 3rd period - Jack Hughes wins face-off versus Tyler Pitlick in VANCOUVER Canucks zone.
8:11 of 3rd period - Jack Hughes is hit by Mikhail Sergachev and loses puck.
8:23 of 3rd period - Off-side.
8:24 of 3rd period - J.T. Compher wins face-off versus Tyler Pitlick in neutral zone.
8:54 of 3rd period - Icing by Adam Boqvist.
8:55 of 3rd period - J.T. Compher wins face-off versus Tyler Pitlick in NEW JERSEY Devils zone.
9:07 of 3rd period - Off-side.
9:08 of 3rd period - Tyler Pitlick wins face-off versus James van Riemsdyk in neutral zone.
9:16 of 3rd period - Icing by Ryan Graves.
9:17 of 3rd period - Tyler Pitlick wins face-off versus Jack Hughes in NEW JERSEY Devils zone.
9:28 of 3rd period - Shot by Ryan Graves.
9:28 of 3rd period - Shot Misses the Net.
9:30 of 3rd period - Shot by Ryan Graves.
9:30 of 3rd period - Stopped by Jake Oettinger without a rebound.
9:31 of 3rd period - Tyler Pitlick wins face-off versus J.T. Compher in VANCOUVER Canucks zone.
9:31 of 3rd period - Tyler Pitlick is hit by Ryan Donato.
10:10 of 3rd period - Minor Penalty to Jake McCabe for Delaying the game.
10:11 of 3rd period - Matt Boldy wins face-off versus Jack Hughes in VANCOUVER Canucks zone.
10:24 of 3rd period - Shot by Jack Hughes.
10:24 of 3rd period - Shot Misses the Net.
10:31 of 3rd period - Icing by Kyle Okposo.
10:32 of 3rd period - Tyler Pitlick wins face-off versus Jack Hughes in NEW JERSEY Devils zone.
10:35 of 3rd period - Shot by Jakob Silfverberg.
10:35 of 3rd period - Shot Blocked by Jake Bean.
12:17 of 3rd period - Icing by Victor Mete.
12:18 of 3rd period - Gabriel Landeskog wins face-off versus Shane Pinto in VANCOUVER Canucks zone.
12:43 of 3rd period - Shot by Mason Appleton.
12:43 of 3rd period - Stopped by Jake Allen without a rebound.
12:44 of 3rd period - Jack Hughes wins face-off versus Mark Kastelic in NEW JERSEY Devils zone.
13:11 of 3rd period - Shot by Jack Hughes.
13:11 of 3rd period - Shot Misses the Net.
13:13 of 3rd period - Shot by Kyle Okposo.
13:13 of 3rd period - Shot Blocked by Jake McCabe.
13:21 of 3rd period - Shot by Jack Hughes.
13:21 of 3rd period - Goal by Jack Hughes - VANCOUVER Canucks : 1 - NEW JERSEY Devils : 4.
13:22 of 3rd period - Josh Norris wins face-off versus J.T. Compher in neutral zone.
13:47 of 3rd period - Shot by Matt Boldy.
13:47 of 3rd period - Stopped by Jake Allen without a rebound.
13:48 of 3rd period - Shane Pinto wins face-off versus Ryan Donato in NEW JERSEY Devils zone.
13:48 of 3rd period - Nils Lundkvist is hit by Alexander Petrovic and loses puck.
14:06 of 3rd period - Joel Armia is hit by Nils Lundkvist and loses puck.
14:09 of 3rd period - Shot by Joel Armia.
14:09 of 3rd period - Stopped by Jake Oettinger without a rebound.
14:10 of 3rd period - Jack Hughes wins face-off versus Josh Norris in VANCOUVER Canucks zone.
14:14 of 3rd period - Icing by Jake McCabe.
14:15 of 3rd period - Josh Norris wins face-off versus Jack Hughes in VANCOUVER Canucks zone.
14:15 of 3rd period - Josh Norris is hit by Jack Hughes.
14:23 of 3rd period - Shot by Kyle Okposo.
14:23 of 3rd period - Shot Misses the Net.
14:25 of 3rd period - Shot by James van Riemsdyk.
14:25 of 3rd period - Shot Misses the Net.
14:27 of 3rd period - Shot by Kyle Okposo.
14:27 of 3rd period - Shot Misses the Net.
14:59 of 3rd period - Shot by Kyle Okposo.
14:59 of 3rd period - Stopped by Jake Oettinger with a rebound.
15:17 of 3rd period - Shot by Christopher Tanev.
15:17 of 3rd period - Stopped by Jake Allen without a rebound.
15:18 of 3rd period - Shane Pinto wins face-off versus Ryan Donato in NEW JERSEY Devils zone.
15:32 of 3rd period - Shot by Shane Pinto.
15:32 of 3rd period - Shot Misses the Net.
15:44 of 3rd period - Shot by Ryan Donato.
15:44 of 3rd period - Stopped by Jake Oettinger without a rebound.
15:45 of 3rd period - Juuso Parssinen wins face-off versus J.T. Compher in VANCOUVER Canucks zone.
15:52 of 3rd period - J.T. Compher is hit by Tyler Pitlick and loses puck.
16:05 of 3rd period - Teddy Blueger is hit by J.T. Compher and loses puck.
16:51 of 3rd period - Shot by Mikhail Sergachev.
16:51 of 3rd period - Goal by Mikhail Sergachev - VANCOUVER Canucks : 2 - NEW JERSEY Devils : 4.
16:52 of 3rd period - Jack Hughes wins face-off versus Josh Norris in neutral zone.
18:21 of 3rd period - Minor Penalty to Alexander Petrovic for Hooking.
18:22 of 3rd period - Josh Norris wins face-off versus Joel Armia in NEW JERSEY Devils zone.
18:23 of 3rd period - Shot by Matt Boldy.
18:23 of 3rd period - Shot Misses the Net.
18:25 of 3rd period - Shot by Matt Boldy.
18:25 of 3rd period - Shot Misses the Net.
18:27 of 3rd period - Shot by Jakob Silfverberg.
18:27 of 3rd period - Stopped by Jake Allen without a rebound.
18:28 of 3rd period - Jack Hughes wins face-off versus Josh Norris in NEW JERSEY Devils zone.
18:45 of 3rd period - Shot by Mikhail Sergachev.
18:45 of 3rd period - Stopped by Jake Allen without a rebound.
18:46 of 3rd period - J.T. Compher wins face-off versus Philip Tomasino in NEW JERSEY Devils zone.
Goals for this period are 2 for VANCOUVER Canucks vs 1 for NEW JERSEY Devils.
Shots for this period are 9 for VANCOUVER Canucks vs 9 for NEW JERSEY Devils. Output by the SimonT Hockey Simulator (STHS) for Martin Benoit - Original Page W3C HTML5 Valid
Hockey Simulator - Hockey Simulation - Hockey Manager